 Dungeon Crawl Stone Soup version 0.21-a0-426-g98080a9 (webtiles) character file.

5220 kae the Geomancer (level 10, -2/59 HPs)
             Began as a Gargoyle Earth Elementalist on Nov 6, 2017.
             Was a Believer of Vehumet.
             Slain by an eight-headed hydra (11 damage)
             ... on level 8 of the Dungeon.
             The game lasted 00:12:36 (12359 turns).

kae the Geomancer (Gargoyle Earth Elementalist)    Turns: 12359, Time: 00:12:37

Health: -2/59      AC: 12    Str: 14      XL:     10   Next: 61%
Magic:  11/20      EV: 13    Int: 19      God:    Vehumet [**....]
Gold:   284        SH:  5    Dex:  9 (10) Spells: 19/23 levels left

rFire    + . .     SeeInvis .   t - +0 dagger (venom)
rCold    + . .     Gourm    .   m - +1 buckler
rNeg     + . .     Faith    .   c - +0 robe
rPois    ∞         Spirit   .   r - +0 helmet
rElec    +         Reflect  .   A - scarf {rC+ rF+}
rCorr    .         Harm     .   o - +0 pair of gloves
MR       .....                  p - +0 pair of boots
Stlth    ++........             (no amulet)
HPRegen  0.19/turn              x - +2 ring of strength
MPRegen  0.17/turn              (no ring)

@: no status effects
A: fangs 1, deterioration 1, negative energy resistance 1, electricity
resistance, unbreathing, petrification resistance, rot immunity, AC +7
a: Renounce Religion


You were on level 8 of the Dungeon.
You worshipped Vehumet.
Vehumet was pleased with you.
You were hungry.

You visited 2 branches of the dungeon, and saw 9 of its levels.

You collected 428 gold pieces.
You spent 144 gold pieces at shops.

Inventory:

Hand Weapons
 t - a +0 dagger of venom (weapon)
Missiles
 b - 156 stones (quivered)
Armour
 c - a +0 robe (worn)
 m - a +1 buckler (worn)
 o - a +0 pair of gloves (worn)
 p - a +0 pair of boots (worn)
 r - a +0 helmet (worn)
 A - a scarf of resistance (worn)
Magical Staves
 y - an uncursed staff of poison
Jewellery
 x - a +2 ring of strength (left hand)
Scrolls
 f - 16 scrolls of identify
 i - 2 scrolls of fog
 k - 2 scrolls of amnesia
 q - a scroll of remove curse
 u - a scroll of enchant armour
 v - 2 scrolls of teleportation
Potions
 a - 5 potions of flight
 g - a potion of mutation
 s - 3 potions of brilliance
 z - 2 potions of curing
Books
 e - a book of Geomancy

   Spells                             Type                      Level
   a - Sandblast                      Earth                        1
   b - Passwall                       Transmutation/Earth          2
   c - Stone Arrow                    Conjuration/Earth            3
   d - Petrify                        Transmutation/Earth          4
   e - Lee's Rapid Deconstruction     Earth                        5
 w - the Grimoire of the Entourage
   (You found it on level 5 of the Dungeon)

   Spells                             Type                      Level
   a - Summon Ice Beast               Ice/Summoning                4
   b - Aura of Abjuration             Summoning                    5
   c - Summon Hydra                   Summoning                    7
 B - a book of Enchantments

   Spells                             Type                      Level
   a - Cause Fear                     Hexes                        4
   b - Yara's Violent Unravelling     Hexes/Transmutation          5
   c - Silence                        Hexes/Air                    5
   d - Deflect Missiles               Charms/Air                   6
   e - Discord                        Hexes                        8
Comestibles
 d - 6 bread rations
 j - 4 royal jellies
 l - 7 meat rations
 n - 4 fruits


   Skills:
 + Level 5.3 Fighting
 + Level 3.4 Short Blades
 + Level 4.3 Dodging
 - Level 2.1 Stealth
 - Level 4.0 Shields
 * Level 7.0 Spellcasting
 * Level 7.5 Conjurations
   Level 0.7 Transmutations
 * Level 9.5 Earth Magic


You had 19 spell levels left.
You knew the following spells:

 Your Spells              Type           Power        Failure   Level  Hunger
a - Sandblast             Erth           #####.       1%          1    None
b - Stone Arrow           Conj/Erth      #####.       1%          3    #......


Dungeon Overview and Level Annotations

Branches:
Dungeon (8/15)             Temple (1/1) D:6            Lair (0/6) D:8

Altars:
Ashenzari
Cheibriados
Dithmenos
Elyvilon
Fedhas
Gozag
Hepliaklqana
Kikubaaqudgha
Makhleb
Nemelex Xobeh
Okawaru
Qazlal
Ru
Sif Muna
Trog
Uskayaw
Vehumet
Wu Jian
Xom
Yredelemnul
Zin
The Shining One

Shops:
D:7 [[=

Annotations:
D:8 exclusion: door


Innate Abilities, Weirdness & Mutations

You are resistant to torment.
Your stone body is resilient. (AC +7)
You are immune to poison.
You resist negative energy. (rN+)
You are resistant to electric shocks. (rElec)
You can survive without breathing.
You are immune to petrification.
You are immune to rotting.
You have very sharp teeth.
Your body sometimes deteriorates upon taking damage.


Message History

The eight-headed hydra bites you! The eight-headed hydra misses you.
The eight-headed hydra bites you. The eight-headed hydra bites you!
You block the eight-headed hydra's attack.
The eight-headed hydra barely misses you.
The eight-headed hydra bites you!
The eight-headed hydra bites you but does no damage.
Casting: Stone Arrow
Confirm with . or Enter, or press ? or * to list all spells.
Aiming: Stone Arrow
Press: ? - help, Shift-Dir - straight line, f/p - eight-headed hydra
Aim: an eight-headed hydra (moderately wounded)
The stone arrow hits the eight-headed hydra.
The eight-headed hydra is heavily wounded.
The eight-headed hydra bites you!
* * * LOW HITPOINT WARNING * * *
The eight-headed hydra bites you!
* * * LOW HITPOINT WARNING * * *
The eight-headed hydra closely misses you.
The eight-headed hydra bites you!
You die...

##.# #.# ##'##
#.... ...# #.#
#.########†### ####
########.#......#.#
# #.?.##.#.####.#.#
# +...#....####.#.#
# #...#....#.>....#
# ##'##......##.###
# #.D.#..#.####.# #
#.@.##.#...[..# #
#...##.########
##'###.# #...##.#
#.u.+...'..#
#...#...#..#
##########.#
####.## #.....#


You could see an eight-headed hydra.

Vanquished Creatures
  The ghost of mastercheaf21 the Basher, a novice MiBe of Trog (D:6)
  A spiny frog (shapeshifter) (D:8)
  Sigmund (D:6)
  Eustachio (D:5)
  2 wargs (D:8)
  A water moccasin (D:5)
  The ghost of EvilAshe the Caller, an amateur TeSu (D:5)
  Duvessa (D:5)
  A hornet zombie (D:8)
  3 orc warriors
  A sky beast (D:6)
  An ice beast (D:5)
  3 phantoms
  An ogre (D:7)
  2 centaurs (D:8)
  Blork the orc (D:5)
  2 bullfrogs
  Dowan (D:5)
  5 scorpions
  5 wights (D:6)
  6 killer bees (D:8)
  2 vampire bats (D:3)
  2 howler monkeys
  3 crimson imps
  2 bullfrog zombies
  A quasit (D:8)
  3 jellies
  7 orc priests
  5 hounds
  A bullfrog skeleton (D:5)
  Jessica (D:3)
  5 worker ants
  6 orc wizards
  2 killer bee zombies
  A worker ant zombie (D:7)
  10 gnolls
  10 adders
  A shadow imp (D:5)
  5 oozes
  2 adder skeletons
  2 worms (D:5)
  2 dart slugs
  9 leopard geckos
  53 orcs
  7 bats
  4 bat skeletons (D:3)
  3 bat zombies (D:3)
  6 giant cockroaches
  2 gnoll zombies (D:7)
  7 hobgoblins
  A jackal (D:4)
  12 kobolds
  4 quokkas
  A ball python (D:4)
  8 frilled lizards
  12 goblins
  A leopard gecko skeleton (D:5)
  3 rats
247 creatures vanquished.

Vanquished Creatures (others)
  A leopard gecko (D:4)
1 creature vanquished.

Grand Total: 248 creatures vanquished

Notes
Turn   | Place    | Note
-------+----------+-------------------------------------------
     0 | D:1      | kae the Gargoyle Earth Elementalist began the quest for the Orb.
     0 | D:1      | Reached XP level 1. HP: 10/10 MP: 3/3
   573 | D:1      | Reached XP level 2. HP: 13/15 MP: 5/5
   585 | D:1      | Reached skill level 4 in Earth Magic
  1657 | D:2      | Found a glowing golden altar of the Shining One.
  1745 | D:2      | Found a snail-covered altar of Cheibriados.
  1754 | D:2      | Reached XP level 3. HP: 10/19 MP: 4/7
  1894 | D:2      | Learned a level 3 spell: Stone Arrow
  2134 | D:2      | Found a glowing silver altar of Zin.
  2216 | D:2      | Reached skill level 1 in Shields
  2556 | D:2      | Reached XP level 4. HP: 11/24 MP: 5/8
  2885 | D:3      | Reached skill level 1 in Fighting
  2885 | D:3      | Reached skill level 1 in Conjurations
  3093 | D:3      | Reached XP level 5. HP: 10/29 MP: 0/9
  3324 | D:3      | Noticed Jessica
  3346 | D:3      | Killed Jessica
  3503 | D:2      | Reached skill level 5 in Earth Magic
  3862 | D:3      | Found a burning altar of Makhleb.
  3880 | D:3      | HP: 1/29 [gnoll/halberd (8)]
  4174 | D:3      | Reached XP level 6. HP: 22/34 MP: 1/11
  4806 | D:3      | Found an ancient bone altar of Kikubaaqudgha.
  4935 | D:3      | Found an ornate altar of the Wu Jian Council.
  5311 | D:4      | Reached XP level 7. HP: 25/40 MP: 8/12
  5465 | D:4      | Found a blossoming altar of Fedhas.
  5497 | D:4      | Gained mutation: Your body sometimes deteriorates upon taking damage. [potion of mutation]
  5497 | D:4      | Gained mutation: You have very sharp teeth. [potion of mutation]
  6021 | D:4      | Found an iron altar of Okawaru.
  6144 | D:4      | Reached skill level 6 in Earth Magic
  6431 | D:4      | Reached XP level 8. HP: 19/45 MP: 10/14
  6836 | D:5      | Entered Level 5 of the Dungeon
  6900 | D:5      | Noticed Eustachio
  6900 | D:5      | Noticed EvilAshe's ghost (amateur TeSu)
  6902 | D:5      | Noticed Duvessa
  7141 | D:5      | Noticed Dowan
  7142 | D:5      | Killed Duvessa
  7145 | D:5      | Killed Dowan
  7395 | D:5      | Killed Eustachio
  7395 | D:5      | Reached skill level 1 in Short Blades
  7395 | D:5      | Reached skill level 7 in Earth Magic
  7426 | D:5      | Reached skill level 5 in Spellcasting
  7528 | D:5      | Killed EvilAshe's ghost
  7528 | D:5      | Reached skill level 5 in Conjurations
  7528 | D:5      | Reached XP level 9. HP: 52/52 MP: 7/16
  7569 | D:5      | Identified the Grimoire of the Entourage
  7596 | D:5      | Noticed Blork the orc
  7618 | D:5      | Killed Blork the orc
  8191 | D:6      | Noticed mastercheaf21's ghost (novice MiBe)
  8478 | D:6      | Killed mastercheaf21's ghost
  8478 | D:6      | Reached skill level 8 in Earth Magic
  8768 | D:6      | Noticed Sigmund
  8790 | D:6      | Killed Sigmund
  8885 | D:6      | Found a staircase to the Ecumenical Temple.
  8912 | Temple   | Entered the Ecumenical Temple
  8945 | Temple   | Became a worshipper of Vehumet
  9218 | D:6      | Found an opulent altar of Gozag.
  9351 | D:6      | Found a deep blue altar of Sif Muna.
  9543 | D:7      | You fall through a shaft!
  9751 | D:7      | Found Jeqimila's Antique Armour Boutique.
  9766 | D:7      | Bought an embroidered scarf for 144 gold pieces
  9809 | D:7      | Reached XP level 10. HP: 58/58 MP: 14/19
 10186 | D:7      | Found a bloodstained altar of Trog.
 10193 | D:7      | Reached * piety under Vehumet
 10193 | D:7      | Offered knowledge of Shock by Vehumet.
 10193 | D:7      | Reached skill level 9 in Earth Magic
 10237 | D:7      | Found Lokhaf's Jewellery Shoppe.
 10383 | D:7      | Found a basalt altar of Yredelemnul.
 10610 | D:7      | Found Purr's Antique Armour Boutique.
 11199 | D:8      | Reached skill level 5 in Fighting
 11371 | D:8      | Found a sparkling altar of Nemelex Xobeh.
 11649 | D:8      | Found a staircase to the Lair.
 12034 | D:8      | Reached ** piety under Vehumet
 12034 | D:8      | Offered knowledge of Magic Dart by Vehumet.
 12300 | D:8      | Noticed an orb spider
 12300 | D:8      | Noticed a spiny frog
 12300 | D:8      | an orb spider changed into a spiny frog
 12305 | D:8      | Killed a spiny frog
 12347 | D:8      | Noticed a purple ugly thing
 12353 | D:8      | Noticed an eight-headed hydra
 12359 | D:8      | Slain by an eight-headed hydra

Vault maps used:
D:1:      noname_arrival_rooms_in_the_neighbourhood, minmay_misc_feat_rugged,
          minmay_tromino_v4_a
D:2:      lemuel_doored_altar, cheibriados_altar_1, nicolae_tso_carved_into_rock
D:3:      lemuel_coloured_pillars_altar, kennysheep_vampire_church,
          old_standard_altar, uniq_jessica
D:4:      okawaru_altar_gauntlet_db, lemuel_crystal_altar, minmay_vboxes
D:5:      first_bread, hangedman_abyss_or_decor_slice,
          minmay_misc_feat_four_crosses, uniq_eustachio, uniq_duvessa,
          uniq_blork_the_orc
D:6:      led_sif_pool, minmay_temple_entry_overgrown, grunt_gozag_breadcrumbs,
          uniq_sigmund
D:7:      lemuel_zombie_altar_yredelemnul, serial_shops,
          nicolae_shop_overgrown_old_shop, shop, shop, grunt_ogre_cave,
          trog_book
D:8:      nemelex_xobeh_ov_fountains_minmay, erik_lair_orcish_takeover,
          kennysheep_another_room, minmay_evil_grid
Temple:   jpeg_temple_island

Skill      XL: |  1  2  3  4  5  6  7  8  9 10 |
---------------+-------------------------------+-----
Earth Magic    | 4 5 6 7 8 9 |  9.5
Shields        | 1 2 3 4 |  4.0
Fighting       | 1 2 3 4 5 |  5.3
Spellcasting   | 3 4 5 6 7 |  7.0
Conjurations   | 1 2 3 5 6 7 |  7.5
Dodging        | 2 3 4 |  4.3
Short Blades   | 1 2 3 |  3.4
Stealth        | |  2.1
Transmutations | |  0.7

Action                   |  1- 3 |  4- 6 |  7- 9 | 10-12 || total
-------------------------+-------+-------+-------+-------++-------
Melee: Unarmed           |    23 |       |       |       ||    23
       Club              |    73 |       |       |       ||    73
       Whip              |    75 |   215 |       |       ||   290
       Dagger            |       |     6 |   409 |   195 ||   610
       Bite              |       |       |    33 |    17 ||    50
 Cast: Sandblast         |    23 |    43 |   110 |    34 ||   210
       Stone Arrow       |       |    15 |    17 |    38 ||    70
  Use: Scroll            |     6 |       |     7 |     2 ||    15
       Potion            |     1 |     1 |     4 |       ||     6
 Stab: Sleeping          |     4 |     1 |     4 |     1 ||    10
       Distracted        |       |       |     1 |       ||     1
  Eat: Chunk             |     5 |     9 |    17 |     8 ||    39
       Fruit             |       |       |       |     1 ||     1
Armor: Robe              |    91 |   159 |   190 |    66 ||   506
       Skin              |    39 |       |       |       ||    39
Dodge: Dodged            |   147 |   266 |   301 |   164 ||   878
Block: Buckler           |    17 |    55 |   104 |    50 ||   226

Table legend:
 A = Spawn XP
 B = Non-spawn XP
 C = Spawn XP percentage of total XP
 D = Spawn monster count
 E = Non-spawn monster count
 F = Spawn count percentage of total count
 G = Total turns spent on level
                    A         B        C        D         E        F      G
               +---------+---------+-------+---------+---------+-------+---------
         Total |       0 |    7458 |   0.0 |       0 |     247 |   0.0 | 12359
               +---------+---------+-------+---------+---------+-------+---------
           D:1 |       0 |      21 |   0.0 |       0 |      15 |   0.0 |  1627
           D:2 |       0 |     103 |   0.0 |       0 |      24 |   0.0 |  1839
           D:3 |       0 |     588 |   0.0 |       0 |      53 |   0.0 |  2204
           D:4 |       0 |     556 |   0.0 |       0 |      40 |   0.0 |  1381
           D:5 |       0 |    1360 |   0.0 |       0 |      36 |   0.0 |  1218
           D:6 |       0 |    1612 |   0.0 |       0 |      23 |   0.0 |  1011
           D:7 |       0 |     705 |   0.0 |       0 |      23 |   0.0 |  1332
           D:8 |       0 |    2513 |   0.0 |       0 |      33 |   0.0 |  1580
               +---------+---------+-------+---------+---------+-------+---------
